Map: 2000 Atmospheres LE

Players

A.I. 1 (Very Easy) - Winner!

  • Race: Protoss Protoss

trigger

  • Race: Protoss Protoss
  • League: Grandmaster

VOD

Have the link to the VOD?

Description

Time

  • Played on: March 10, 2022, 2:35 p.m.
  • Length: 7:46
Show
View Real Time Build Order
Export as new Build Order

A.I. 1 (Very Easy) Protoss - Winner!

Build Orders:  

Get SALT Encoding   

  12  0:00  Probe  
  13  0:13  Probe  
  14  0:19  Pylon  
  14  0:36  Assimilator  
  14  0:42  Gateway  
  14  0:45  Pylon  
  14  1:15  Assimilator  
  14  1:17  Probe  
  14  1:25  Probe  
  15  1:32  Cybernetics Core  
  16  1:33  Probe  
  17  1:43  Probe  
  18  1:55  Probe  
  18  1:58  Warp Gate  
  19  2:03  Probe  
  20  2:10  Stalker  
  22  5:17  Zealot  
  22  5:19  Probe  
  22  5:20  Pylon  
  25  5:21  Robotics Facility  
  25  5:27  Probe  
  25  5:35  Probe  
  27  5:45  Probe  
  26  5:53  Pylon  
  26  5:57  Probe  
  27  6:07  Zealot  
  27  6:09  Observer, Probe  
  31  6:31  Observer  
  32  6:57  Nexus  
  32  6:58  Stalker  
Show
View Real Time Build Order
Export as new Build Order

trigger Protoss 

Build Orders: Blink Stalkers, Zealot Archon 

Get SALT Encoding   

  12  0:00  Probe  
  13  0:12  Probe  
  14  0:17  Pylon  
  14  0:24  Probe (Chrono Boost)  
  16  0:37  Probe (Chrono Boost), Gateway  
  16  0:42  Probe (Chrono Boost)  
  16  0:46  Assimilator  
  17  0:51  Probe  
  17  0:54  Assimilator  
  18  1:03  Probe (Chrono Boost)  
  19  1:07  Gateway  
  19  1:13  Probe (Chrono Boost)  
  19  1:18  Probe (Chrono Boost)  
  20  1:24  Cybernetics Core  
  21  1:29  Probe  
  22  1:33  Pylon  
  22  1:42  Probe  
  23  1:54  Probe  
  24  2:00  Stalker, Sentry  
  28  2:02  Warp Gate (Chrono Boost)  
  28  2:06  Probe  
  29  2:14  Pylon  
  29  2:27  Sentry  
  31  2:33  Nexus  
  31  2:35  Probe  
  32  2:43  Stalker  
  34  2:47  Probe  
  35  2:55  Twilight Council  
  35  3:00  Probe  
  36  3:12  Probe  
  37  3:17  Shield Battery  
  37  3:24  Probe  
  38  3:29  Blink (Chrono Boost)  
  38  3:32  Pylon  
  38  3:36  Probe  
  39  3:45  Probe (Chrono Boost)  
  39  3:46  Stalker  
  39  3:47  Stalker  
  44  3:53  Probe (Chrono Boost)  
  45  3:57  Probe (Chrono Boost)  
  47  4:03  Probe x2 (Chrono Boost)  
  48  4:12  Probe  
  48  4:13  Probe  
  50  4:20  Nexus  
  50  4:22  Stalker  
  52  4:26  Stalker  
  52  4:28  Probe  
  52  4:29  Probe  
  56  4:40  Pylon, Probe (Chrono Boost)  
  58  4:46  Assimilator  
  58  4:47  Probe (Chrono Boost)  
  58  4:48  Stalker  
  58  4:51  Probe (Chrono Boost)  
  61  4:55  Robotics Facility  
  61  4:56  Probe (Chrono Boost)  
  61  4:57  Forge, Probe (Chrono Boost)  
  64  5:08  Stalker  
  64  5:11  Probe (Chrono Boost)  
  64  5:12  Probe (Chrono Boost)  
  64  5:14  Shield Battery  
  67  5:15  Stalker  
  67  5:16  Probe (Chrono Boost)  
  70  5:22  Pylon  
  70  5:31  Gateway x2, Probe x2  
  70  5:33  Protoss Ground Weapons Level 1 (Chrono Boost), Probe  
  74  5:43  Charge, Observer (Chrono Boost)  
  74  5:46  Probe (Chrono Boost)  
  74  5:47  Probe (Chrono Boost)  
  77  5:50  Probe (Chrono Boost), Assimilator  
  77  5:54  Gateway  
  77  5:56  Gateway  
  78  5:59  Probe (Chrono Boost)  
  78  6:00  Probe (Chrono Boost)  
  78  6:01  Probe (Chrono Boost)  
  80  6:05  Immortal  
  80  6:06  Probe  
  80  6:08  Probe  
  80  6:10  Probe  
  87  6:13  Pylon  
  87  6:15  Gateway  
  87  6:18  Gateway  
  87  6:20  Probe x2  
  87  6:22  Probe  
  90  6:26  Pylon  
  90  6:30  Templar Archives  
  90  6:33  Pylon  
  90  6:38  Nexus  
  90  6:44  Zealot x3  
  90  6:46  Zealot  
  98  6:48  Warp Prism (Chrono Boost)  
  100  6:56  Zealot x2  
  104  7:04  Probe  
  104  7:05  Probe  
  104  7:07  Pylon  
  104  7:08  High Templar x4  
  114  7:11  Pylon  
  114  7:13  Archon x2  
  114  7:17  Zealot  
  116  7:22  Pylon  
  116  7:25  Zealot  
  116  7:26  Zealot x2  
  116  7:29  Probe x2  
  124  7:31  Gateway  
  124  7:40  Zealot x4  
  124  7:42  Zealot  
  124  7:43  Gateway  
Tags
 
Add a new tag
Caveats
  • Supply blocks, unpowered buildings, or Contaminate may cause inaccurate times.
  • Supply counts are checked every 10 seconds.